 Dungeon Sprint DCSS version 0.31-a0-879-g1609e0ac53 (webtiles) character file.

Game seed: 16138498471201881214

158 sircluck the Ruffian (level 5, -20/59 HPs)
             Began as a Troll Berserker on Oct 14, 2023.
             Was a Priest of Trog.
             Killed from afar by a deep elf pyromancer (38 damage)
             ... with a bolt of fire
             ... in the Dungeon (Sprint III: "The Ten Rune Challenge").
             The game lasted 00:00:21 (293 turns).

sircluck the Ruffian (Troll Berserker)               Turns: 293, Time: 00:00:22

Health: -20/59     AC:  4    Str: 27    XL:     5   Next: 16%
Magic:  4/4        EV: 11    Int:  3    God:    Trog [***...]
Gold:   0          SH:  0    Dex:  9    Spells: 4/4 levels left

rFire   . .          .
                       - Unarmed
rCold   . . .        (no shield)
rNeg    . . .        a - +0 animal skin
rPois   .            (helmet restricted)
rElec   .            (no cloak)
rCorr   .            (gloves unavailable)
SInv    .            (boots unavailable)
Will    .....        (no amulet)
Stlth   +            (no ring)
HPRegen 1.09/turn    (no ring)
MPRegen 0.09/turn

%: no teleportation
@: no status effects
A: large, unfitting armour, claws 3, regeneration 1, shaggy fur 1, tough skin 1
a: Renounce Religion, Berserk, Trog's Hand


You were in the Dungeon.
You worshipped Trog.
Trog was most pleased with you.
You visited 1 branch

Inventory:

Armour
 a - a +0 animal skin (worn)
Scrolls
 g - a scroll of blinking
Potions
 b - a potion of curing
 c - a potion of heal wounds
 d - a potion of haste
 e - 2 potions of magic
 f - 2 potions of berserk rage


   Skills:
 + Level 5.6 Fighting
 + Level 5.5 Dodging
 + Level 6.7 Unarmed Combat


You had 4 spell levels left.
You didn't know any spells.
Your spell library was empty.

Dungeon Overview and Level Annotations

Branches:
Dungeon (1/1)

Altars:
Elyvilon
Zin
The Shining One


Innate Abilities, Weirdness & Mutations

You are too large for most types of armour.
You have claws for hands.
Your natural rate of healing is unusually fast.
You are covered in fur. (AC +1)
You have tough skin. (AC +1)


Message History

No target in view!
A deep elf pyromancer comes into view.
It is wielding a +2 long sword of holy wrath.
Found a potion of curing.
The deep elf pyromancer shouts!
The deep elf pyromancer points at you and mumbles some strange words.
The sticky flame hits you.
You are covered in liquid flames!
There is an open door here.
Unknown command.
You are covered in liquid flames!
You barely miss the deep elf pyromancer.
You are covered in liquid flames!
The deep elf pyromancer points at you and mumbles some strange words.
The sticky flame hits you!
You are covered in liquid flames!
You scratch the deep elf pyromancer.
The deep elf pyromancer is lightly wounded.
You are covered in liquid flames!
The deep elf pyromancer hits you with a +2 long sword of holy wrath.
You claw the deep elf pyromancer!
The deep elf pyromancer is moderately wounded.
You are covered in liquid flames!
You closely miss the deep elf pyromancer.
The deep elf pyromancer is moderately wounded.
You are covered in liquid flames!
The deep elf pyromancer casts a spell at you.
The sticky flame hits you!
You are covered in liquid flames!
You barely miss the deep elf pyromancer.
The deep elf pyromancer is moderately wounded.
You are covered in liquid flames!
The deep elf pyromancer hits you with a +2 long sword of holy wrath.
You scratch the deep elf pyromancer.
The deep elf pyromancer is moderately wounded.
You are covered in liquid flames!
* * * LOW HITPOINT WARNING * * *
The deep elf pyromancer casts a spell at you.
The bolt of fire hits you!!!
Ouch! That really hurt!
You die...

▓▓▓▓ ▓▓▓ [..####
##.##### ......##
#..#___# ....)..#
#..#!e@# #.##...#
#..###'#+###+# #.###..#
+#..#.......... ##.##..#
#...'.⌠........
..##..####...#...######+
..##..###....#.⌠.#
.##†..##÷....#...#
##....#......#+###
##..##.#.....#


You could see a deep elf pyromancer.

Vanquished Creatures
  A scorpion (D)
  A water elemental (D)
  Jessica (D)
  A human (D)
  An endoplasm (D)
  2 rats (D)
7 creatures vanquished.

Notes
Turn   | Place    | Note
-------+----------+-------------------------------------------
     0 | D        | sircluck the Troll Berserker began the quest for the Orb.
     0 | D        | Reached XP level 1. HP: 22/22 MP: 0/0
    25 | D        | Noticed Jessica
    31 | D        | Killed Jessica
    31 | D        | Reached ** piety under Trog
    32 | D        | Reached skill level 4 in Unarmed Combat
    32 | D        | Reached XP level 2. HP: 26/32 MP: 1/1
    46 | D        | Reached XP level 3. HP: 39/39 MP: 2/2
    50 | D        | Noticed a scorpion
    53 | D        | Killed a scorpion
    54 | D        | Reached skill level 5 in Unarmed Combat
    54 | D        | Reached XP level 4. HP: 27/49 MP: 3/3
    58 | D        | Reached skill level 5 in Fighting
   265 | D        | Noticed a water elemental
   269 | D        | Killed a water elemental
   269 | D        | Reached *** piety under Trog
   270 | D        | Reached skill level 5 in Dodging
   270 | D        | Reached skill level 6 in Unarmed Combat
   270 | D        | Reached XP level 5. HP: 46/59 MP: 4/4
   285 | D        | Found a glowing silver altar of Zin.
   285 | D        | Found a glowing golden altar of the Shining One.
   285 | D        | Found a white marble altar of Elyvilon.
   286 | D        | Noticed a deep elf pyromancer
   293 | D        | Killed from afar by a deep elf pyromancer

Illustrated notes

Levels and vault maps discovered:
D:        dungeon_sprint_mu [sprint_mu_entry_cave, sprint_mu_temple_rooms,
          sprint_mu_d1_horrors, sprint_mu_d2_genie, sprint_mu_d3_branching,
          sprint_mu_orc_legion, sprint_mu_elf_gauntlet, sprint_mu_hive_nellie,
          sprint_mu_lair_fedhas, sprint_mu_vaults_butterflies,
          sprint_mu_slime_circle, sprint_mu_swamp_cave, sprint_mu_snake_twists,
          sprint_mu_blade_basic, sprint_mu_crypt_lich, sprint_mu_tomb_spiral,
          sprint_mu_vestibule_basic, sprint_mu_gehenna_hellfire,
          sprint_mu_dis_giant, sprint_mu_tartarus_statrot,
          sprint_mu_cocytus_islands, sprint_mu_zot1]

Skill      XL: |  1  2  3  4 |
---------------+-------------+-----
Fighting       | 3 4 5 |  5.6
Dodging        | 3 4 5 |  5.5
Unarmed Combat | 4 5 6 |  6.7

Action                     |  1- 3 |  4- 6 || total
---------------------------+-------+-------++-------
  Melee: Unarmed           |    11 |    13 ||    24
 Armour: Animal skin       |     9 |    10 ||    19
  Dodge: Dodged            |     5 |       ||     5

Table legend: (Time is in decaauts)
 A = Elapsed time spent in this place.
 B = Non-inter-level travel time spent in this place.
 C = Inter-level travel time spent in this place.
 D = Time resting spent in this place.
 E = Time spent auto-exploring this place.
 F = Levels seen in this place.
 G = Mean time per level.
                   A        B        C        D        E       F      G
               +--------+--------+--------+--------+--------+-----+--------+
         Total |    290 |    290 |      0 |    200 |     49 |   1 |  290.0 |
       Dungeon |    290 |    290 |      0 |    200 |     49 |   1 |  290.0 |
               +--------+--------+--------+--------+--------+-----+--------+

Top non-repeatable levels by time:
       D: 290 daAuts
